 Dungeon Crawl Stone Soup version 0.27.1-33-g824d729ab1 (webtiles) character file.

Game seed: 5473569220248527015

231 erik8world the Chopper (level 5, -2/48 HPs)
             Began as a Minotaur Berserker on Dec 7, 2021.
             Was a Believer of Trog.
             Slain by Ijyb (4 damage)
             ... on level 3 of the Dungeon.
             The game lasted 00:07:31 (2789 turns).

erik8world the Chopper (Minotaur Berserker)         Turns: 2789, Time: 00:07:32

Health: -2/48      AC:  3    Str: 22    XL:     5   Next: 73%
Magic:  4/4        EV: 12    Int:  4    God:    Trog [**....]
Gold:   91         SH:  0    Dex: 10    Spells: 4/4 levels left

rFire    . . .     SeeInvis .   a - +0 hand axe
rCold    . . .     Faith    .   (no shield)
rNeg     . . .     Spirit   .   k - +0 leather armour
rPois    .         Reflect  .   (helmet restricted)
rElec    .         Harm     .   (no cloak)
rCorr    +         Rampage  .   (no gloves)
Will     ++...                  (no boots)
Stlth    +.........             (no amulet)
HPRegen  1.16/turn              g - ring of resist corrosion
MPRegen  0.09/turn              (no ring)

@: lethally poisoned (-2 -> -3), strong-willed (expiring), on berserk cooldown,
regenerating (expiring), slowed, very slow
A: horns 2, retaliatory headbutt
a: Renounce Religion, Berserk, Trog's Hand


You were on level 3 of the Dungeon.
You worshipped Trog.
Trog was pleased with you.
You visited 1 branch of the dungeon, and saw 3 of its levels.

You collected 91 gold pieces.

Inventory:

Hand Weapons
 a - a +0 hand axe (weapon)
Armour
 b - a +0 animal skin
 k - a +0 leather armour (worn)
Jewellery
 g - a ring of resist corrosion (left hand)
Scrolls
 d - a scroll of identify {unknown}
 e - a scroll of vulnerability {unknown}
 h - a scroll of immolation {unknown}
 i - a scroll of amnesia {unknown}
 l - a scroll of fog {unknown}
Potions
 c - a potion of attraction {unknown}
 f - 2 potions of brilliance {unknown}
 j - a potion of flight {unknown}


   Skills:
 * Level 5.3 Fighting
 * Level 5.7 Axes
 * Level 3.3 Armour
 * Level 3.0 Dodging
 + Level 0.2 Stealth


You had 4 spell levels left.
You didn't know any spells.
Your spell library was empty.

Dungeon Overview and Level Annotations

Branches:
Dungeon (3/15)

Altars:

Annotations:
D:3 Ijyb


Innate Abilities, Weirdness & Mutations

You have a pair of horns on your head.
You reflexively headbutt those who attack you in melee.


Message History

You hit Ijyb but do no damage. Your headbutt misses Ijyb.
Ijyb barely misses you. You furiously retaliate!
You headbutt Ijyb.
Ijyb hits you with a +2 dagger of venom.
You are poisoned.
You hit Ijyb but do no damage.
Ijyb is lightly wounded.
You feel very sick.
Ijyb zaps a wand.
Your mind is blasted!
You hit Ijyb.
Ijyb is lightly wounded.
You feel sick.
Ijyb hits you with a +2 dagger of venom.
You are more poisoned.
Ijyb screams, "No!
No, no, no, no!"
Ijyb hits you with a +2 dagger of venom!
You hit Ijyb but do no damage. Your headbutt misses Ijyb.
Ijyb is lightly wounded.
You feel very sick.
Ijyb hits you with a +2 dagger of venom.
* * * LOW HITPOINT WARNING * * *
You are more poisoned.
You barely miss Ijyb. You headbutt Ijyb!
Ijyb is heavily wounded.
* * * LOW HITPOINT WARNING * * *
You feel extremely sick. Ijyb barely misses you. You furiously retaliate!
You headbutt Ijyb! Ijyb barely misses you.
You barely miss Ijyb.
Ijyb is almost dead.
You feel the effects of Trog's Hand fading.
* * * LOW HITPOINT WARNING * * *
You feel very sick.
Ijyb zaps a wand.
You resist with almost no effort.
You completely miss Ijyb.
Ijyb is almost dead.
* * * LOW HITPOINT WARNING * * *
You feel very sick. Ijyb closely misses you.
Ijyb hits you with a +2 dagger of venom.
You die...

##+# #...# . #... #.#.#
.# ####... #.#.# ..#
#...... #.#.##..#
#......######.#.....#.#
+......................
#.......#######.#...#.#
#.......#.......#......
#...##..†..@g..>.......
### ##...#######.#...g
#...#######.# ..
#............ .
#..#.########..#..#
######..#............
.#
#.......#.#######.#.#
.# #.####.##.# #...##.#
#.# #.##.# #......#


You could see Ijyb.

Vanquished Creatures
  Sigmund (D:2)
  A gnoll (D:1)
  3 adders (D:2)
  A dart slug (D:1)
  5 ball pythons
  An endoplasm (D:1)
  2 giant cockroaches
  7 hobgoblins
  2 quokkas
  2 frilled lizards
  4 goblins
  4 kobolds
  3 rats
36 creatures vanquished.

Vanquished Creatures (others)
  2 plants (D:2)
2 creatures vanquished.

Grand Total: 38 creatures vanquished

Notes
Turn   | Place    | Note
-------+----------+-------------------------------------------
     0 | D:1      | erik8world the Minotaur Berserker began the quest for the
                  | Orb.
     0 | D:1      | Reached XP level 1. HP: 19/19 MP: 0/0
   380 | D:1      | Reached XP level 2. HP: 21/27 MP: 1/1
  1093 | D:1      | Reached XP level 3. HP: 14/33 MP: 2/2
  1605 | D:2      | Noticed Sigmund
  1818 | D:2      | Killed Sigmund
  1819 | D:2      | Reached skill level 5 in Fighting
  1819 | D:2      | Reached skill level 5 in Axes
  1819 | D:2      | Reached XP level 4. HP: 42/42 MP: 3/3
  1819 | D:2      | Reached XP level 5. HP: 48/48 MP: 4/4
  2009 | D:2      | Reached ** piety under Trog
  2293 | D:2      | Found a faded altar of an unknown god.
  2767 | D:3      | Noticed Ijyb
  2789 | D:3      | HP: 2/48 [poisoned by Ijyb]
  2789 | D:3      | Slain by Ijyb

Illustrated notes

Levels and vault maps discovered:
D:1:      minmay_arrival_nine_rooms, layout_basic, minmay_tromino_mix6
D:2:      layout_basic, dreamdust_ecumenical_altar_hidden_monk_grotto,
          uniq_sigmund
D:3:      layout_basic, overflow_temple_1_default, kennysheep_generic_room_10,
          uniq_ijyb

Skill      XL: |  1  2  3 |
---------------+----------+-----
Axes           | 4 5 |  5.7
Fighting       | 4 5 |  5.3
Armour         | 3 |  3.3
Dodging        | 3 |  3.0
Stealth        | |  0.2

Action                   |  1- 3 |  4- 6 || total
-------------------------+-------+-------++-------
Melee: Hand axe          |    45 |    51 ||    96
       Headbutt          |     7 |     9 ||    16
Invok: Berserk           |     1 |     1 ||     2
       Trog's Hand       |       |     1 ||     1
 Stab: Sleeping          |       |     1 ||     1
Armor: Animal skin       |     3 |     3 ||     6
       Leather armour    |       |     5 ||     5
Dodge: Dodged            |    25 |    28 ||    53
